Map: Prion Terraces

Players

Vicious - Winner!

  • Race: Terran Terran
  • League: Platinum

LilDicky

  • Race: Terran Terran
  • League: Diamond

VOD

http://www.twitch.tv/tumescentpie

Description

Time

  • Played on: Dec. 1, 2015, 5:36 p.m.
  • Length: 14:15
Show
View Real Time Build Order
Export as new Build Order

Vicious Terran - Winner!

Build Orders: Bio Tank 

Get SALT Encoding   

  12  0:02  SCV  
  13  0:17  Supply Depot, SCV  
  14  0:29  SCV  
  14  0:32  Refinery  
  15  0:41  SCV  
  16  0:50  Barracks  
  16  0:53  SCV  
  17  1:05  SCV  
  18  1:43  Marine  
  18  1:46  Orbital Command  
  19  1:48  Factory  
  19  2:00  Marine  
  20  2:12  SCV  
  21  2:18  Refinery  
  21  2:26  Marine  
  22  2:32  Command Center  
  22  2:41  SCV  
  23  2:44  Starport  
  23  2:49  Factory Tech Lab  
  23  2:50  Supply Depot  
  23  3:11  SCV, Marine  
  25  3:14  Cyclone  
  28  3:23  SCV  
  29  3:35  Marine  
  29  3:36  SCV  
  31  3:42  Supply Depot  
  31  3:43  Viking  
  31  3:44  Orbital Command  
  31  3:48  SCV  
  34  3:56  Marine  
  34  4:00  SCV  
  36  4:10  SCV  
  36  4:12  SCV  
  38  4:17  Engineering Bay  
  38  4:18  Marine  
  38  4:23  SCV  
  40  4:24  SCV  
  41  4:32  Widow Mine  
  41  4:35  SCV  
  41  4:36  Refinery  
  41  4:38  Refinery, Marine  
  46  4:39  Raven  
  46  4:44  Supply Depot  
  48  4:45  Missile Turret  
  48  4:48  Missile Turret  
  48  4:49  SCV  
  48  4:55  Marine  
  50  5:01  SCV  
  50  5:05  Supply Depot  
  50  5:10  Barracks  
  50  5:14  SCV  
  50  5:16  SCV  
  50  5:19  Barracks Tech Lab  
  52  5:26  SCV  
  54  5:28  SCV  
  54  5:30  Supply Depot  
  54  5:40  SCV x2  
  56  5:49  Siege Tank  
  59  5:50  Medivac  
  59  5:52  SCV, Stimpack, Marine  
  59  5:54  SCV  
  59  5:56  Barracks  
  64  6:04  SCV  
  64  6:06  Barracks Reactor  
  64  6:07  SCV  
  64  6:08  Terran Infantry Weapons Level 1  
  66  6:12  Supply Depot  
  66  6:16  SCV  
  67  6:18  Supply Depot  
  67  6:19  SCV, Marine  
  67  6:21  Siege Tank  
  72  6:28  SCV  
  72  6:31  SCV  
  74  6:38  Marine  
  75  6:41  SCV  
  75  6:43  SCV  
  75  6:49  Marine  
  75  6:52  Marine  
  75  6:53  SCV, Medivac  
  80  6:55  SCV, Marine  
  80  6:57  Barracks Reactor  
  82  7:05  SCV  
  82  7:07  SCV  
  80  7:17  SCV  
  80  7:18  Marine  
  80  7:20  Marine  
  80  7:21  Siege Tank  
  77  7:23  Marine  
  73  7:33  Marine x2  
  73  7:36  Marine  
  73  7:37  SCV  
  77  7:39  SCV  
  78  7:53  Marine x2  
  78  7:54  Command Center  
  78  7:56  Combat Shields  
  78  7:57  Marine x2, Starport Reactor  
  82  8:11  Barracks  
  82  8:14  Barracks  
  82  8:17  SCV x2  
  82  8:19  Marine x5  
  89  8:20  Siege Tank, Missile Turret  
  89  8:25  Sensor Tower, Barracks  
  92  8:28  Barracks  
  92  8:29  SCV x2  
  92  8:31  Supply Depot  
  93  8:51  Marine  
  93  8:53  SCV  
  93  8:54  Marine  
  89  8:59  Marine x3  
  89  9:00  Marine  
  89  9:01  SCV  
  87  9:02  Refinery  
  87  9:05  Refinery  
  87  9:06  SCV, Orbital Command  
  87  9:07  Siege Tank  
  87  9:08  Medivac, Marine x2  
  87  9:09  Medivac  
  94  9:13  SCV  
  94  9:17  Marine x2  
  95  9:18  SCV  
  95  9:19  Factory, Marine  
  95  9:20  Marine x2  
  101  9:25  SCV  
  101  9:30  SCV  
  103  9:36  SCV  
  103  9:37  SCV  
  105  9:39  Siege Tank  
  105  9:43  SCV, Marine  
  105  9:44  Marine  
  105  9:45  Viking x2  
  110  9:47  Marine  
  110  9:48  Marine x3  
  110  9:49  Marine  
  115  9:59  SCV  
  116  10:01  Marine  
  116  10:04  Supply Depot  
  116  10:06  Supply Depot  
  117  10:15  Supply Depot  
  117  10:20  Supply Depot  
  117  10:22  Factory Tech Lab  
  117  10:26  Viking, Marine x5  
  117  10:27  Siege Tank  
  127  10:29  Marine x2  
  127  10:34  Terran Infantry Armor Level 1, Supply Depot  
  128  10:44  Marine x5  
  128  10:47  Marine x2  
  135  10:50  Siege Tank  
  138  10:59  Siege Tank  
  138  11:01  Marine x5  
  141  11:05  Marine  
  141  11:06  Marine  
  141  11:07  Viking  
  141  11:08  Viking  
  147  11:16  Armory  
  138  11:19  Marine  
  138  11:22  Siege Tank, Marine x2  
  141  11:26  Marine x3  
  141  11:31  Siege Tank, Marine  
  148  11:37  Marine  
  148  11:40  Marine x2  
  148  11:42  Engineering Bay  
  148  11:44  Marine x3  
  148  11:46  Viking x2  
  152  11:48  Marine  
  151  11:54  Siege Tank  
  151  11:55  Marine  
  151  11:58  Marine x2  
  157  12:05  Supply Depot  
  157  12:17  Marine  
  157  12:20  Command Center  
  157  12:26  Medivac x2, Siege Tank, Marine  
  165  12:39  Marine  
  165  12:40  Marine x4  
  165  12:41  Marine  
  165  12:42  Siege Tank  
  165  12:44  Marine  
  150  12:56  Viking x2  
  150  12:57  Marine  
  150  12:58  Siege Tank, Marine x4  
  155  12:59  Marine  
  155  13:02  Marine  
  149  13:14  Siege Tank  
  149  13:15  Marine  
  149  13:16  Marine x5  
  149  13:19  Marine  
  148  13:26  Medivac x2  
  150  13:30  Siege Tank  
  150  13:33  Marine x5  
  154  13:34  Marine  
  154  13:37  Marine  
  150  13:51  Marine x5  
  150  13:52  Marine  
  150  13:55  Marine  
Show
View Real Time Build Order
Export as new Build Order

LilDicky Terran 

Build Orders: Command Center First (CC) 

Get SALT Encoding   

  12  0:38  SCV  
  13  0:50  SCV  
  13  0:54  Supply Depot  
  14  1:03  SCV  
  15  1:16  SCV  
  16  1:33  Refinery  
  16  1:39  Command Center  
  16  1:41  SCV  
  16  1:42  Barracks  
  16  1:44  Barracks  
  17  1:53  SCV  
  18  2:05  SCV  
  19  2:17  SCV  
  21  2:30  Orbital Command  
  21  2:31  Marine  
  21  2:32  Marine  
  22  2:38  Bunker x2  
  22  2:51  Orbital Command  
  22  2:53  Marine x2  
  24  2:59  Factory  
  24  3:09  SCV  
  24  3:11  Marine  
  26  3:16  SCV  
  26  3:19  Supply Depot  
  27  3:23  SCV  
  28  3:33  SCV  
  29  3:35  SCV  
  30  3:41  Marine x2  
  30  3:43  Factory Tech Lab  
  30  3:45  SCV  
  33  3:50  Starport  
  33  4:00  SCV x2  
  35  4:03  Engineering Bay  
  35  4:12  SCV x2  
  35  4:16  Marine  
  38  4:19  Siege Tank  
  38  4:24  SCV x2, Engineering Bay, Marine  
  44  4:31  Missile Turret  
  44  4:36  Missile Turret  
  44  4:39  SCV x2  
  44  4:43  Refinery  
  44  4:44  Refinery  
  46  4:50  Supply Depot  
  46  4:52  Refinery  
  46  4:57  Supply Depot  
  46  5:00  Supply Depot  
  46  5:12  SCV x2, Medivac, Marine x2  
  52  5:20  Supply Depot  
  52  5:24  SCV  
  52  5:28  SCV  
  54  5:32  Command Center  
  54  5:36  SCV, Siege Tank  
  54  5:38  Marine  
  54  5:39  Marine  
  54  5:40  SCV  
  54  5:42  Medivac  
  63  5:48  SCV, Supply Depot  
  64  5:52  SCV  
  65  6:00  Marine x2  
  65  6:02  SCV  
  68  6:08  Siege Tank  
  70  6:11  SCV  
  70  6:12  Medivac  
  70  6:18  Marine x2  
  74  6:36  Marine x2  
  76  6:40  Siege Tank  
  77  6:53  SCV, Marine  
  77  6:54  Marine  
  73  7:11  Marine  
  73  7:13  Siege Tank  
  72  7:24  Marine  
  72  7:29  Marine  
  69  7:41  Marine  
  69  7:42  SCV  
  69  7:44  Starport Tech Lab  
  70  7:52  SCV  
  71  7:58  Barracks  
  71  8:00  Barracks  
  71  8:02  Barracks  
  71  8:03  Barracks Tech Lab, Barracks  
  71  8:04  Barracks  
  71  8:05  Barracks  
  70  8:10  SCV x2, Barracks Tech Lab  
  70  8:11  Supply Depot  
  72  8:12  Supply Depot  
  72  8:13  Supply Depot  
  72  8:14  Banshee, Cloaking Field  
  75  8:22  Supply Depot  
  75  8:23  SCV x2  
  78  8:27  Supply Depot  
  78  8:29  Marine x2  
  78  8:30  Planetary Fortress  
  79  8:37  Siege Tank  
  79  8:38  SCV x2  
  84  8:43  Supply Depot  
  84  8:44  Barracks  
  84  8:45  Supply Depot  
  84  8:47  Marine x2  
  70  9:06  Viking  
  70  9:10  Marine x2  
  72  9:21  Missile Turret  
  72  9:24  SCV  
  72  9:26  SCV x2, Marine  
  72  9:27  Marine x2  
  78  9:31  Marine  
  78  9:32  Missile Turret, Marine  
  78  9:33  Siege Tank  
  78  9:36  Banshee  
  78  9:37  SCV  
  82  10:05  Hellion  
  84  10:08  Marine x6  
  84  10:09  Marauder, Marine  
  93  10:19  Banshee  
  96  10:25  Marine  
  96  10:26  Marine x2  
  96  10:27  Siege Tank, Marauder  
  104  10:31  Marauder  
  106  10:36  Barracks Tech Lab x3  
  106  10:43  Marine  
  106  10:47  Combat Shields  
  106  10:48  Marauder  
  111  10:51  Barracks Reactor, Marine  
  111  10:52  Command Center, Barracks Reactor  
  102  10:59  Siege Tank  
  102  11:01  Marine  
  102  11:02  Banshee  
  104  11:07  Marine x2  
  104  11:08  Marine  
  104  11:10  Marauder x2  
  94  11:30  Marine  
  93  11:35  Marine x3  
  93  11:37  Marine  
  96  11:44  Marine x5  
  100  11:48  Engineering Bay, Marine  
  100  11:52  Engineering Bay, Marine  
  100  11:53  Marine  
  103  11:56  SCV x2  
  103  11:57  SCV  
  106  12:02  Marauder  
  108  12:08  SCV  
  108  12:09  SCV  
  108  12:10  Marine x3  
  113  12:19  Marine  
  113  12:20  Marauder x2  
  113  12:21  Marine x2  
  113  12:22  Marauder  
  119  12:24  Marauder  
  121  12:33  Marine  
  70  12:47  Marine x3  
  61  12:53  Marine  
  61  12:54  Marine  
  61  12:55  Marine  
  61  12:57  Siege Tank, Marine  
  61  12:58  Marine x3  
  63  13:00  Planetary Fortress  
  63  13:03  Missile Turret  
  63  13:05  Marine x3  
  64  13:11  Marine x2  
  64  13:13  Marine  
  64  13:16  Marine, Marauder x2  
  66  13:20  Marine  
  66  13:22  Marine  
  61  13:29  Siege Tank  
  45  13:35  Marine  
  44  13:46  Marine  
  44  13:47  Marine x2  
  44  13:48  Marine x2  
  43  13:52  Marine x2  
  41  13:56  Marine  
  39  14:04  Refinery  
  39  14:05  Refinery  
Tags
 
Add a new tag
Caveats
  • Supply blocks, unpowered buildings, or Contaminate may cause inaccurate times.
  • Supply counts are checked every 10 seconds.